 Dungeon Crawl Stone Soup version 0.29.1-15-g9cfb28693d (webtiles) character file.

Game seed: 12829281983729388513

3096 croobank the Covert (level 9, -2/62 HPs)
             Began as an Octopode Delver on Mar 11, 2023.
             Was an Initiate of Gozag.
             Slain by a vampire
             ... wielding a +1 vampiric halberd
              (6 damage)
             ... in a bailey.
             The game lasted 00:22:34 (6916 turns).

croobank the Covert (Octopode Delver)               Turns: 6916, Time: 00:22:34

Health: -2/62      AC:  1    Str: 11    XL:     9   Next: 90%
Magic:  15/15      EV: 14    Int: 18    God:    Gozag
Gold:   686        SH: 10    Dex: 14    Spells: 10/17 levels left

rFire   + . .      SeeInvis .   w - +5 dagger "Jeud" {vorpal, rF+}
rCold   . . .      Faith    .   m - +1 buckler "Futon" {Int+2}
rNeg    . . .      Spirit   .   (helmet restricted)
rPois   .          Reflect  .   i - amulet of regeneration
rElec   .          Harm     .   (no ring)
rCorr   .          Rampage  .   (no ring)
Will    .....      Rnd*Tele +   (no ring)
Stlth   +++++.....              (no ring)
HPRegen 1.00/turn               (no ring)
MPRegen 0.14/turn               (no ring)
                                (no ring)
                                (no ring)

@: unable to read
A: almost no armour, amphibious, 8 rings, camouflage 1, gelatinous body 1,
(nimble swimmer 1), tentacles, large bone plates 1, teleportitis 1, inability to
read after injury 1
a: Renounce Religion, Potion Petition, Call Merchant, Bribe Branch


You were in a bailey.
You worshipped Gozag.
Gozag was pleased with you.
You visited 2 branches of the dungeon, and saw 10 of its levels.
You also visited: Bailey.

You collected 845 gold pieces.
You paid 159 gold pieces to Gozag.

Inventory:

Hand Weapons
 a - a +0 hand axe
 g - a +0 long sword
 k - a +0 dagger
 l - a +0 short sword
 n - a +0 war axe
 p - a +0 trident
 r - a +0 morningstar of protection
 w - the +5 dagger "Jeud" (weapon) {vorpal, rF+}
   (You found it on level 2 of the Dungeon)

   It inflicts extra damage upon your enemies.
   rF:        It protects you from fire.
 y - a +4 spear
Missiles
 t - 7 poisoned darts (quivered)
Armour
 m - the +1 buckler "Futon" (worn) {Int+2}
   (You acquired it on level 3 of the Dungeon)

   Int:       It affects your intelligence (+2).
Jewellery
 i - an amulet of regeneration (around mantle)
 q - a ring of willpower
Wands
 f - a wand of digging (2)
 s - a wand of flame (4)
Scrolls
 b - a scroll of fog
 d - 2 scrolls of fear
 j - 8 scrolls of identify
 u - a scroll of torment
 v - a scroll of enchant armour
 A - a scroll of amnesia
 B - a scroll of vulnerability
 C - 2 scrolls of teleportation
Potions
 c - a potion of berserk rage
 e - 3 potions of haste
 h - 4 potions of curing
 o - 2 potions of attraction {unknown}
 x - a potion of flight
 z - 4 potions of brilliance
 D - a potion of heal wounds


   Skills:
 - Level 5.7 Fighting
 - Level 3.8 Short Blades
 - Level 3.4 Axes
 - Level 5.2 Dodging
 - Level 9.8 Stealth
 - Level 3.7 Shields
 + Level 4.6 Spellcasting
 * Level 4.4 Summonings
 - Level 3.7 Fire Magic


You had 10 spell levels left.
You knew the following spells:

 Your Spells              Type           Power      Damage    Failure   Level
a - Foxfire               Conj/Fire      40%        2x1d6     9%          1
c - Call Canine Familiar  Summ           20%        N/A       9%          3
d - Summon Guardian Gole  Hex/Summ       12%        N/A       22%         3

Your spell library contained the following spells:

 Spells                   Type           Power      Damage    Failure   Level
 Summon Small Mammal      Summ           80%        N/A       3%          1
 Conjure Flame            Conj/Fire      10%        6-21      26%         3
 Inner Flame              Hex/Fire       10%        N/A       26%         3
 Flame Wave               Conj/Fire      10%        2d6       63%         4


Dungeon Overview and Level Annotations

Branches:
Dungeon (9/15)             Temple (1/1) D:5            Lair (0/5) D:9
 Bailey (1/1)
    Orc: D:9-12

Altars:
Ashenzari
Gozag
Nemelex Xobeh
Okawaru
Yredelemnul
Zin
The Shining One


Innate Abilities, Weirdness & Mutations

You cannot wear most types of armour.
You are amphibious.
You can wear up to eight rings at the same time.
Your skin changes colour to match your surroundings (Stealth+).
Your rubbery body absorbs attacks. (AC +1, EV +1)
((You are camouflaged when in or above water. (Stealth+)))
You have tentacles for arms and can constrict up to eight enemies at once.
You are partially covered in large bone plates. (SH +4)
You are occasionally teleported next to monsters.
You occasionally lose the ability to read scrolls when taking damage.


Message History

You constrict the vampire, but do no damage.
The vampire barely misses you. You block the vampire's attack.
You hit the vampire but do no damage.
You squeeze the vampire, but do no damage.
The vampire is lightly damaged.
You constrict the vampire.
The vampire hits you with a +1 vampiric halberd.
The vampire barely misses you.
You hit the vampire.
The vampire is moderately damaged.
You constrict the vampire. The vampire misses you.
You block the vampire's attack.
You hit the vampire but do no damage.
The vampire is moderately damaged.
You constrict the vampire. You block the vampire's attack.
The vampire barely misses you.
You puncture the vampire!
The vampire is severely damaged.
You constrict the vampire. You hit the vampire but do no damage.
You squeeze the vampire.
The vampire is almost destroyed.
You constrict the vampire, but do no damage.
The vampire gestures wildly while chanting.
The vampire flickers and vanishes!
Deactivating autopickup; reactivate with Ctrl-A.
You hit something but do no damage. You squeeze something.
You constrict something. Something draws life force from you!
You barely miss something. You squeeze something. You constrict something.
Something draws life force from you!
You closely miss something. You squeeze something. You constrict something.
Something hits you! Something bites you!
You feel threatened and lose the ability to read scrolls!
* * * LOW HITPOINT WARNING * * *
Something draws strength from your injuries!
You hit something but do no damage. You constrict something.
Something hits you!
* * * LOW HITPOINT WARNING * * *
Something bites you.
You die...
Your body crumbles into a pile of gold.

### ##### #[÷
##8...###### #÷.
##).....##.8#####).
#8!. #...#..#8..###
#!.# #..'..#......
#).####..'..#......
#{}.##...#..#..♣...
#@.....##..#......
##8...##...#.....♣
######....##.....
#8......##....
#...##...##)..
#..##.)..#.)..
#..#...)##.)..
#..#...##..)..
#..#.....)####


There were no monsters in sight!

Vanquished Creatures
  A nameless horror (D:6)
  Menkaure (D:4)
  3 water moccasins
  2 orc warriors
  An ice beast (D:7)
  A black bear (D:8)
  2 ogres
  3 phantoms
  3 bullfrogs
  A necrophage (D:4)
  A gnoll sergeant (D:7)
  A scorpion (D:6)
  A howler monkey (D:4)
  8 vampire bats (Bailey)
  5 wolf zombies (Bailey)
  A jelly (D:7)
  3 hounds
  An orc priest (D:6)
  3 iguanas (D:6)
  7 orc wizards
  Robin (D:4)
  11 adders
  A white imp (D:5)
  An ufetubus (D:5)
  3 dart slugs
  2 worms (D:2)
  16 orcs
  8 endoplasms
  3 giant cockroaches
  16 goblins
  16 hobgoblins
  4 jackals (D:2)
  A quokka (D:2)
  9 ball pythons
  5 bats
  3 frilled lizards
  3 kobolds
  21 orc zombies (Bailey)
  6 rats
179 creatures vanquished.

Vanquished Creatures (others)
  A gargoyle (Bailey)
  10 foxfires
  8 plants (D:7)
19 creatures vanquished.

Grand Total: 198 creatures vanquished

Notes
Turn   | Place    | Note
-------+----------+-------------------------------------------
     0 | D:5      | croobank the Octopode Delver began the quest for the Orb.
     0 | D:5      | Reached XP level 1. HP: 16/16 MP: 1/1
    42 | D:7      | Noticed a wight
    93 | D:6      | Noticed a scorpion
   115 | D:5      | Reached XP level 2. HP: 20/21 MP: 2/2
   302 | D:4      | Noticed Robin
   351 | D:4      | Reached XP level 3. HP: 26/26 MP: 3/3
   445 | D:4      | Noticed a phantom
   480 | D:5      | Reached skill level 7 in Stealth
   495 | D:5      | Reached XP level 4. HP: 19/31 MP: 4/4
   979 | D:4      | Noticed Menkaure
  1009 | D:4      | Reached XP level 5. HP: 24/37 MP: 5/5
  1021 | D:4      | Killed a phantom
  1193 | D:4      | Noticed an ogre
  1783 | D:2      | Found a faded altar of an unknown god.
  1892 | D:2      | Identified the +5 dagger "Jeud" {vorpal, rF+}
  2303 | D:1      | Reached XP level 6. HP: 43/43 MP: 6/6
  2334 | D:1      | Learned a level 1 spell: Foxfire
  3342 | D:3      | Reached skill level 8 in Stealth
  3797 | D:3      | Gained mutation: You occasionally lose the ability to read
                  | scrolls when taking damage. [potion of mutation]
  3797 | D:3      | Gained mutation: You are robust. (+10% HP) [potion of
                  | mutation]
  3797 | D:3      | Gained mutation: You are partially covered in large bone
                  | plates. (SH +4) [potion of mutation]
  3949 | D:3      | Identified a scroll of acquirement
  3954 | D:3      | Acquired the +1 buckler "Futon" {Int+2}
  4063 | D:4      | Reached skill level 1 in Short Blades
  4080 | D:4      | Reached skill level 1 in Fire Magic
  4083 | D:4      | Reached skill level 1 in Spellcasting
  4098 | D:4      | Reached XP level 7. HP: 36/53 MP: 8/8
  4280 | D:4      | Killed Robin
  4281 | D:4      | Reached skill level 1 in Shields
  4417 | D:4      | Killed Menkaure
  4572 | D:5      | Found a staircase to the Ecumenical Temple.
  4731 | Temple   | Entered the Ecumenical Temple
  4833 | Temple   | Became a worshipper of Gozag Ym Sagoz the Greedy
  4945 | D:5      | Identified the +0 robe of Hide-and-Seek {rN+ rCorr Str-4}
  4977 | D:5      | Lost mutation: You are robust. (+10% HP) [potion of
                  | mutation]
  4977 | D:5      | Lost mutation: You occasionally lose the ability to read
                  | scrolls when taking damage. [potion of mutation]
  4977 | D:5      | Gained mutation: You are occasionally teleported next to
                  | monsters. [potion of mutation]
  4977 | D:5      | Gained mutation: You occasionally lose the ability to read
                  | scrolls when taking damage. [potion of mutation]
  5343 | D:6      | Learned a level 3 spell: Summon Guardian Golem
  5347 | D:6      | Learned a level 3 spell: Call Canine Familiar
  5347 | D:6      | Noticed a nameless horror
  5366 | D:6      | Killed a nameless horror
  5378 | D:6      | Reached XP level 8. HP: 42/54 MP: 1/11
  5551 | D:6      | Reached skill level 5 in Fighting
  5551 | D:6      | Reached skill level 9 in Stealth
  6172 | D:7      | Reached XP level 9. HP: 61/61 MP: 10/13
  6186 | D:7      | Reached skill level 5 in Dodging
  6388 | D:9      | Found a broken altar of Ashenzari.
  6430 | D:9      | Found a flagged portal.
  6475 | Bailey   | Entered a bailey
  6548 | Bailey   | Reached skill level 1 in Summonings
  6707 | Bailey   | Noticed a gargoyle
  6720 | Bailey   | Killed a gargoyle
  6814 | Bailey   | Identified the +7 plate armour of Unreason {rPois Regen+
                  | rCorr MP-9}
  6916 | Bailey   | Slain by a vampire

Illustrated notes

Levels and vault maps discovered:
D:1:      dpeg_arrival_fog, layout_rooms, serial_rivers,
          chequers_serial_rivers_marsh, chequers_serial_rivers_large_a,
          chequers_serial_rivers_small_3, chequers_serial_rivers_small_b,
          chequers_serial_rivers_room_a, minmay_close_crescents
D:2:      layout_basic, hellmonk_ecumenical_altar_lost_god
D:3:      layout_loops_ring, serial_glass, glass_columns_c, glass_columns_a,
          grunt_decor_cap, minmay_pentangle
D:4:      layout_cave_pools, portal_sewer_entry_d, uniq_robin, uniq_menkaure
D:5:      layout_basic, minmay_temple_entry_poolview, serial_corexii_hall,
          chequers_hall_statues_wall_a, chequers_hall_statues_corner_a
D:6:      layout_loops_cross
D:7:      nzn_winding_woodlands_small [nzn_winding_woodlands_5x15_sidewinder,
          nzn_winding_woodlands_center_garden, nzn_winding_woodlands_5x15_pool],
          layout_basic, minmay_starry_boxes
D:8:      layout_basic, vehumet_crystals, minitemple,
          gammafunk_ghost_berserking_beasts, uniq_joseph, uniq_psyche,
          uniq_prince_ribbit1
D:9:      layout_loops_cross, ashenzari_altar_1,
          chequers_temple_overflow_statue_of_worship, erik_lair_dragon,
          enter_bailey_4
Temple:   minmay_temple_curvy_branch
Bailey:   bailey_polearm_vampire_castle_hellmonk, bailey

Skill      XL: |  1  2  3  4  5  6  7  8  9 |
---------------+----------------------------+-----
Stealth        | 7 8 9 |  9.8
Axes           | 3 |  3.4
Dodging        | 3 4 5 |  5.2
Fighting       | 4 5 |  5.7
Short Blades   | 1 2 3 |  3.8
Fire Magic     | 1 2 3 |  3.7
Spellcasting   | 1 2 3 4 |  4.6
Shields        | 2 3 |  3.7
Summonings     | 4 |  4.4

Action                   |  1- 3 |  4- 6 |  7- 9 || total
-------------------------+-------+-------+-------++-------
Melee: Hand axe          |    37 |    66 |       ||   103
       Constrict         |     8 |    24 |    56 ||    88
       Tentacles         |     8 |    18 |    76 ||   102
       Dagger            |       |    74 |   265 ||   339
       Punch             |       |     3 |     5 ||     8
Throw: Dart              |       |     5 |       ||     5
 Cast: Foxfire           |       |     1 |     8 ||     9
       Summon Guardian G |       |       |     2 ||     2
       Call Canine Famil |       |       |     1 ||     1
Evoke: Wand              |       |     1 |     3 ||     4
  Use: Scroll            |     1 |    15 |     3 ||    19
       Potion            |       |     3 |     6 ||     9
 Stab: Sleeping          |     3 |    20 |    12 ||    35
       Distracted        |       |       |     2 ||     2
Armor: Skin              |     3 |     8 |     7 ||    18
Dodge: Dodged            |    34 |   106 |   119 ||   259
Block: Buckler           |       |     2 |   109 ||   111
